 Dungeon Crawl Stone Soup version 0.27.1-34-g3ba077fa99 (webtiles) character file.

Game seed: 14606921887112826576

65 cbfl8 the Magician (level 3, -1/32 HPs)
             Began as a Troll Hedge Wizard on Jan 11, 2022.
             Was a Believer of Qazlal.
             Slain by a hound (3 damage)
             ... while paralysed by Grinder
             ... on level 4 of the Dungeon on Jan 12, 2022.
             The game lasted 00:26:04 (3757 turns).

cbfl8 the Magician (Troll Hedge Wizard)             Turns: 3757, Time: 00:26:06

Health: -1/32      AC:  4    Str: 15 (18) XL:     3   Next: 94%
Magic:  4/5        EV:  1    Int:  7 (10) God:    Qazlal [**....]
Gold:   65         SH:  0    Dex: 10      Spells: 5/6 levels left

rFire    . . .     SeeInvis .   h - +0 short sword
rCold    . . .     Faith    .   y - +0 kite shield
rNeg     . . .     Spirit   .   b - +0 robe
rPois    .         Reflect  .   c - +0 hat
rElec    .         Harm     .   (no cloak)
rCorr    .         Rampage  .   (gloves unavailable)
Will     .....                  (boots unavailable)
Stlth    +.........             (no amulet)
HPRegen  1.10/turn              (no ring)
MPRegen  0.09/turn              (no ring)

@: paralysed, attractive, very slightly contaminated
A: large, unfitting armour, claws 3, regeneration 1, shaggy fur 1, tough skin 1
a: Renounce Religion, Upheaval


You were on level 4 of the Dungeon.
You worshipped Qazlal.
Qazlal was pleased with you.
You visited 1 branch of the dungeon, and saw 4 of its levels.

You collected 114 gold pieces.
You spent 49 gold pieces at shops.

Inventory:

Hand Weapons
 a - a +0 dagger
 d - a +0 club
 f - a +0 hand axe
 h - a +0 short sword (weapon)
 o - a +0 club
 q - a +0 spear
 r - a +0 short sword
 u - a +0 short sword
 v - a +0 mace
 w - a +0 club
 z - a +0 short sword
 A - a +0 whip
 C - a +0 spear
 G - a +0 dagger
Missiles
 i - 67 stones
 j - 90 arrows
 k - 69 bolts
 m - 24 poisoned darts
Armour
 b - a +0 robe (worn)
 c - a +0 hat (worn)
 l - a +0 ring mail
 n - a +0 robe
 y - a +0 kite shield (worn)
 E - a +0 robe
 F - a +0 ring mail
Scrolls
 t - a scroll of identify {unknown}
 x - a scroll of teleportation {unknown}
 D - a scroll of fog {unknown}
Potions
 e - 3 potions of might {unknown}
 g - a potion of degeneration
 s - 3 potions of curing {unknown}
 B - a potion of lignification {unknown}


   Skills:
 + Level 0.6 Fighting
 + Level 1.3 Short Blades
 + Level 2.1 Dodging
 + Level 1.3 Stealth
 + Level 2.2 Spellcasting
 + Level 0.6 Conjurations
 + Level 0.6 Summonings
 + Level 0.6 Translocations


You had 5 spell levels left.
You knew the following spells:

 Your Spells              Type           Power      Damage    Failure   Level
a - Magic Dart            Conj           4%         1d3       90%         1

Your spell library contained the following spells:

 Spells                   Type           Power      Damage    Failure   Level
 Summon Small Mammal      Summ           4%         N/A       90%         1
 Blink                    Tloc           N/A        N/A       97%         2
 Call Imp                 Summ           1%         N/A       97%         2
 Passwall                 Tmut/Erth      0%         N/A       99%         2
 Slow                     Hex            0%         N/A       99%         2
 Call Canine Familiar     Summ           1%         N/A       99%         3
 Conjure Flame            Conj/Fire      1%         6-21      100%        3
 Mephitic Cloud           Conj/Pois/Air  1%         N/A       100%        3
 Summon Guardian Golem    Hex/Summ       1%         N/A       100%        3
 Swiftness                Air            0%         N/A       100%        3
 Invisibility             Hex            0%         N/A       100%        6


Dungeon Overview and Level Annotations

Branches:
Dungeon (4/15)
 Temple: D:4-7

Altars:
Qazlal

Shops:
D:3 [

Annotations:
D:4 Grinder


Innate Abilities, Weirdness & Mutations

You are too large for most types of armour.
You have claws for hands.
Your natural rate of healing is unusually fast.
You are covered in fur. (AC +1)
You have tough skin. (AC +1)


Message History

You closely miss Grinder. Grinder hits you.
You hit Grinder.
Grinder is lightly wounded.
The hound bites you. Grinder hits you.
You writhe in agony.
The hound bites you but does no damage.
You hit Grinder.
Grinder is lightly wounded.
The hound bites you but does no damage. Grinder gestures at you.
You resist with significant effort. The hound bites you but does no damage.
You block Grinder's attack.
You hit Grinder but do no damage.
Grinder is lightly wounded.
The hound bites you. The hound bites you but does no damage.
Grinder completely misses you.
You hit Grinder.
Grinder is lightly wounded.
You block the hound's attack. Grinder hits you but does no damage.
You block the hound's attack.
Your shield prevents you from hitting Grinder.
Grinder is lightly wounded.
The hound bites you. You block Grinder's attack.
The hound bites you but does no damage. Grinder hits you!
You writhe in agony.
* * * LOW HITPOINT WARNING * * *
You completely miss Grinder.
Grinder is lightly wounded.
The hound bites you.
* * * LOW HITPOINT WARNING * * *
The hound bites you.
* * * LOW HITPOINT WARNING * * *
You block Grinder's attack.
Okay, then.
You are too injured to fight recklessly!
It was a potion of attraction.
You feel attractive to monsters. The hound bites you.
* * * LOW HITPOINT WARNING * * *
Grinder gestures at you.
You suddenly lose the ability to move!
The hound bites you.
You die...

#..# #..# #..# ###
#..##..## #..#.....
#........
##........ ##
##.@h...... #.##
###.#5.......
#...###..#.........
#.......##.........
####...##..........
##.###..........
#.# ...........
##.####.........
####..# ####.##


You could see Grinder and a hound.

Vanquished Creatures
  An adder (D:1)
  A worm (D:2)
  3 ball pythons
  5 endoplasms
  7 giant cockroaches
  3 goblins
  5 hobgoblins
  3 quokkas
  6 bats
  4 frilled lizards
  4 kobolds
  4 rats
46 creatures vanquished.

Vanquished Creatures (others)
  20 plants (D:2)
20 creatures vanquished.

Grand Total: 66 creatures vanquished

Notes
Turn   | Place    | Note
-------+----------+-------------------------------------------
     0 | D:1      | cbfl8 the Troll Hedge Wizard began the quest for the Orb.
     0 | D:1      | Reached XP level 1. HP: 16/16 MP: 2/2
   171 | D:1      | Found a faded altar of an unknown god.
   320 | D:1      | Reached XP level 2. HP: 21/24 MP: 4/4
  1526 | D:1      | Reached XP level 3. HP: 12/32 MP: 5/5
  1617 | D:1      | Became a worshipper of Qazlal Stormbringer
  1617 | D:1      | Reached * piety under Qazlal
  2021 | D:2      | Reached skill level 1 in Short Blades
  2905 | D:3      | Found Naixahik's Armour Boutique.
  2917 | D:3      | Reached ** piety under Qazlal
  2944 | D:3      | Bought a +0 kite shield for 49 gold pieces
  3745 | D:4      | Noticed Grinder
  3757 | D:4      | Paralysed by Grinder for 6 turns
  3757 | D:4      | Slain by a hound

Illustrated notes

Levels and vault maps discovered:
D:1:      nzn_arrival_water_spiral, layout_loops_cross,
          shapermc_ecumenical_altar_petra, hangedman_decor_slide_cut
D:2:      layout_rooms, serial_aquarium, aquarium_bridge_square
          [aquarium_subvault_bridge, aquarium_subvault_wall,
          aquarium_subvault_wall, aquarium_subvault_bridge],
          aquarium_bridge_square [aquarium_subvault_bridge,
          aquarium_subvault_bridge, aquarium_subvault_balcony,
          aquarium_subvault_wall], aquarium_window_fake, aquarium_window_1,
          aquarium_view_2b, aquarium_view_2c, aquarium_pool_1,
          serial_bayou_ford_a, supply_closet_lemuel
D:3:      layout_basic, serial_shops, nicolae_shop_statue_plus
D:4:      layout_cave_pods, mainiacjoe_overflow_brackets, uniq_robin,
          uniq_grinder

Skill      XL: |  1  2  3 |
---------------+----------+-----
Dodging        | 2 |  2.1
Short Blades   | 1 |  1.3
Fighting       | |  0.6
Stealth        | |  1.3
Spellcasting   | |  2.2
Conjurations   | |  0.6
Summonings     | |  0.6
Translocations | |  0.6

Action                   || total
-------------------------++-------
Melee: Dagger            ||    89
       Short sword       ||   203
  Use: Potion            ||     3
       Scroll            ||     1
 Stab: Sleeping          ||     3
Armor: Robe              ||    97
Dodge: Dodged            ||   122
Block: Kite shield       ||    22
       Other             ||     7
